Map: Dreamcatcher LE

Players

DisK - Winner!

  • Race: Protoss Protoss
  • Spawn Location: 5:00

Semper

  • Race: Terran Terran
  • Spawn Location: 11:00

Event: WCS Montreal 2018

VOD

Have the link to the VOD?

Description

Time

  • Played on: Sept. 7, 2018, 3:50 p.m.
  • Length: 16:31

All games in this series

Show
View Real Time Build Order
Export as new Build Order

DisK Protoss - Winner!

Build Orders: 1 Gate Expand, Oracle Opening 

Get SALT Encoding   

  12  0:00  Probe  
  13  0:12  Probe  
  14  0:17  Pylon  
  14  0:23  Probe  
  15  0:31  Probe  
  15  0:39  Gateway  
  15  0:40  Probe  
  16  0:46  Assimilator  
  17  0:51  Probe  
  18  1:03  Probe  
  19  1:20  Nexus  
  19  1:31  Cybernetics Core  
  19  1:34  Probe  
  19  1:38  Assimilator  
  20  1:43  Probe  
  21  1:50  Pylon  
  21  1:51  Probe  
  21  1:59  Adept  
  21  2:00  Probe  
  22  2:08  Warp Gate  
  25  2:12  Probe  
  26  2:24  Stargate  
  26  2:27  Adept  
  28  2:32  Probe  
  28  2:35  Probe  
  30  2:40  Probe  
  30  2:47  Probe  
  30  2:50  Probe  
  31  2:57  Oracle  
  32  2:59  Probe  
  32  3:02  Probe  
  34  3:10  Pylon  
  34  3:11  Probe  
  38  3:14  Probe  
  39  3:23  Probe  
  39  3:24  Gateway  
  39  3:26  Gateway  
  40  3:32  Probe  
  41  3:35  Probe  
  41  3:37  Oracle  
  41  3:40  Probe  
  45  3:45  Pylon  
  45  3:48  Probe  
  46  3:51  Probe  
  48  3:59  Probe  
  46  4:03  Probe  
  47  4:15  Stalker  
  49  4:18  Phoenix  
  51  4:25  Nexus  
  51  4:29  Pylon  
  51  4:30  Assimilator, Probe x2  
  53  4:31  Assimilator  
  53  4:33  Stalker  
  53  4:36  Stalker  
  57  4:40  Stalker  
  57  4:43  Probe x2  
  61  4:50  Twilight Council  
  61  4:55  Forge  
  61  4:57  Probe x2  
  63  5:02  Stalker, Blink  
  63  5:05  Stalker  
  67  5:09  Stalker  
  67  5:11  Probe  
  67  5:12  Protoss Ground Weapons Level 1  
  67  5:16  Pylon  
  67  5:17  Probe  
  68  5:23  Probe  
  68  5:25  Gateway  
  69  5:41  Gateway  
  63  5:43  Probe  
  63  5:45  Probe  
  63  5:46  Probe  
  66  5:52  Gateway  
  66  5:57  Probe  
  67  6:02  Adept  
  69  6:04  Adept  
  69  6:05  Adept  
  68  6:18  Probe  
  60  6:19  Probe x2  
  60  6:24  Stalker  
  60  6:25  Stalker x2  
  67  6:26  Probe  
  67  6:31  Probe x2  
  70  6:35  Probe  
  70  6:37  Robotics Facility  
  71  6:41  Probe, Sentry  
  71  6:42  Sentry  
  71  6:43  Probe  
  71  6:46  Probe  
  77  6:49  Probe  
  77  6:51  Stalker  
  81  6:55  Probe, Stalker  
  81  6:58  Probe x2  
  86  7:03  Pylon  
  86  7:07  Probe  
  87  7:09  Charge  
  87  7:12  Probe  
  87  7:13  Probe  
  87  7:14  Sentry x2  
  93  7:18  Pylon  
  93  7:20  Pylon  
  93  7:21  Probe  
  94  7:25  Robotics Bay  
  94  7:27  Stalker x2  
  98  7:31  Stalker  
  98  7:36  Pylon  
  100  7:37  Probe x3  
  100  7:39  Assimilator  
  100  7:41  Assimilator  
  101  7:53  Robotics Facility  
  101  7:57  Colossus  
  97  7:59  Stalker  
  97  8:00  Stalker  
  97  8:03  Extended Thermal Lance  
  101  8:07  Probe  
  101  8:08  Probe  
  109  8:15  Probe, Protoss Ground Weapons Level 2  
  109  8:19  Probe  
  111  8:21  Probe  
  112  8:27  Probe  
  112  8:30  Pylon  
  112  8:32  Nexus  
  112  8:33  Pylon  
  113  8:34  Pylon  
  113  8:35  Pylon  
  113  8:40  Stalker x2  
  113  8:41  Zealot x2  
  113  8:57  Stalker x2  
  105  9:04  Colossus  
  105  9:05  Colossus  
  103  9:14  Stalker x3  
  103  9:15  Stalker  
  115  9:19  Probe  
  116  9:26  Stalker x2  
  120  9:38  Gateway x2  
  120  9:40  Pylon  
  120  9:42  Pylon  
  120  9:44  Sentry x4  
  128  9:51  Stalker x2  
  131  9:58  Warp Prism  
  133  10:07  Stalker  
  133  10:08  Stalker x3  
  135  10:28  Stalker x2  
  138  10:30  Probe  
  138  10:31  Probe x2, Assimilator x2  
  138  10:32  Pylon  
  141  10:35  Photon Cannon  
  141  10:40  Photon Cannon  
  141  10:41  Nexus  
  141  10:42  Shield Battery  
  141  10:44  Pylon  
  141  10:51  Protoss Ground Weapons Level 3  
  141  10:52  Zealot x6  
  153  11:04  Pylon  
  153  11:12  Colossus, Zealot  
  153  11:13  Zealot x3  
  153  11:15  Immortal  
  161  11:20  Templar Archives  
  171  11:50  Forge, Zealot x5  
  171  11:51  Immortal, Templar Archives  
  181  11:57  Zealot  
  181  11:58  Zealot x2  
  174  12:16  High Templar x4  
  181  12:28  Pylon  
  181  12:29  Pylon  
  181  12:32  Assimilator x2, Pylon  
  181  12:35  Pylon  
  181  12:39  Protoss Ground Armor Level 1  
  163  12:59  Stalker x5  
  163  13:00  Stalker x3  
  161  13:08  Psionic Storm  
  161  13:12  Protoss Shields Level 1  
  157  13:30  Zealot  
  157  13:31  Zealot x7  
  173  13:45  Pylon  
  173  13:46  Pylon  
  173  13:53  Warp Prism  
  173  13:54  Immortal  
  179  14:02  Gateway  
  179  14:04  Gateway  
  179  14:07  Gateway  
  179  14:16  Zealot x2  
  182  14:17  Zealot x2  
  182  14:19  Probe x2  
  185  14:25  Nexus  
  185  14:27  Pylon  
  184  14:34  Pylon  
  179  14:45  Stalker x3  
  181  14:52  High Templar x4  
  193  14:53  High Templar  
  193  14:56  Observer x2, Archon  
  193  14:57  Archon  
  197  15:02  Gravitic Drive  
  195  15:16  Archon  
  180  15:32  Stalker x5  
  180  15:33  Stalker x2  
  181  15:42  Immortal  
  175  15:51  Archon  
  161  16:04  Probe x5  
Show
View Real Time Build Order
Export as new Build Order

Semper Terran 

Build Orders: Gas First Reaper Expand, Liberator Opening, Reaper Expand, MMM Bio 

Get SALT Encoding   

  12  0:00  SCV  
  13  0:13  SCV  
  14  0:17  Supply Depot  
  14  0:25  SCV  
  15  0:28  Refinery  
  15  0:39  SCV  
  16  0:45  Barracks  
  16  0:51  SCV  
  17  1:03  SCV  
  18  1:15  SCV  
  19  1:31  Orbital Command  
  19  1:32  Reaper  
  20  1:45  Command Center  
  20  1:56  Factory  
  20  2:00  SCV  
  21  2:06  Barracks Reactor  
  21  2:12  SCV  
  21  2:13  Supply Depot  
  22  2:18  Refinery  
  22  2:24  SCV  
  23  2:36  SCV  
  24  2:41  Hellion  
  26  2:45  Marine  
  26  2:46  Marine  
  26  2:48  Starport  
  26  2:49  SCV  
  26  2:58  Orbital Command  
  28  3:01  SCV  
  28  3:03  Marine x2  
  31  3:07  Widow Mine  
  33  3:13  SCV  
  34  3:21  Marine x2  
  34  3:25  SCV  
  37  3:32  Widow Mine  
  37  3:34  SCV  
  40  3:36  Starport Tech Lab  
  40  3:37  SCV  
  40  3:38  Supply Depot  
  40  3:39  Marine  
  40  3:40  Marine  
  43  3:46  SCV  
  44  3:49  SCV  
  44  3:51  Liberator  
  45  3:58  SCV  
  45  4:02  Widow Mine  
  48  4:03  Marine  
  48  4:04  Marine  
  48  4:05  SCV  
  51  4:10  SCV  
  52  4:17  Supply Depot  
  52  4:18  SCV  
  52  4:22  SCV  
  52  4:24  Factory Tech Lab  
  52  4:27  Marine  
  52  4:28  Marine  
  54  4:37  Command Center  
  54  4:39  Supply Depot, SCV x2  
  54  4:43  Siege Tank  
  59  4:51  SCV x2  
  61  4:55  Barracks  
  61  4:57  Barracks  
  61  4:58  Starport Reactor  
  61  5:03  SCV  
  61  5:05  Stimpack, Marine  
  63  5:07  SCV  
  63  5:10  Supply Depot x2  
  64  5:15  Siege Tank  
  64  5:17  SCV  
  68  5:21  SCV  
  68  5:25  Marine  
  70  5:29  Refinery  
  70  5:30  Refinery  
  70  5:32  SCV  
  71  5:36  Supply Depot  
  71  5:38  SCV  
  71  5:39  Engineering Bay  
  71  5:40  Engineering Bay  
  72  5:43  Marine  
  72  5:45  SCV  
  72  5:46  Marine x2  
  72  5:48  Barracks Tech Lab  
  73  5:51  Orbital Command  
  73  5:54  SCV  
  74  5:57  Factory Reactor  
  74  5:59  Bunker  
  74  6:00  Bunker  
  74  6:01  Marauder  
  74  6:02  SCV  
  76  6:12  SCV  
  76  6:14  Marine  
  69  6:20  Marine  
  69  6:22  Terran Infantry Weapons Level 1, SCV, Terran Infantry Armor Level 1  
  69  6:25  Marauder x2, Combat Shield  
  67  6:27  SCV  
  67  6:28  SCV  
  69  6:33  Barracks, Medivac  
  69  6:34  Barracks  
  69  6:38  Widow Mine x2  
  75  6:40  Medivac  
  75  6:41  Marine  
  75  6:44  Marine  
  75  6:45  Orbital Command, SCV  
  75  6:46  Marine  
  81  6:47  SCV  
  81  6:50  Marauder  
  84  6:59  Missile Turret, Marine  
  89  7:01  Widow Mine x2  
  89  7:04  Marauder  
  89  7:05  SCV  
  92  7:09  Medivac  
  92  7:10  Medivac  
  92  7:12  SCV x2  
  98  7:17  SCV  
  98  7:22  Widow Mine  
  103  7:23  Widow Mine  
  103  7:24  SCV x2  
  103  7:28  Marauder, Marine x2  
  103  7:29  SCV  
  108  7:38  Barracks Reactor  
  108  7:41  Supply Depot x2  
  108  7:42  Armory  
  108  7:43  Marauder x2  
  112  7:46  Missile Turret  
  111  7:52  Marauder, Concussive Shells, Marine  
  111  7:54  Medivac  
  111  7:58  SCV x2  
  117  8:02  Marine  
  117  8:03  Widow Mine x2  
  117  8:04  Marine  
  117  8:05  Marauder, Refinery x2  
  125  8:06  Supply Depot  
  125  8:07  Supply Depot  
  125  8:08  SCV  
  125  8:09  Missile Turret  
  125  8:10  SCV  
  125  8:11  SCV  
  128  8:15  Marauder, Marine  
  131  8:20  SCV  
  131  8:23  Marine  
  133  8:28  Marauder x2, Marine, Medivac x2  
  142  8:36  SCV  
  142  8:37  Supply Depot, SCV  
  142  8:38  Supply Depot  
  142  8:39  Supply Depot  
  144  8:41  Terran Infantry Weapons Level 2  
  144  8:45  SCV  
  141  9:02  Marauder, Marine  
  137  9:04  Marauder x2, Marine  
  132  9:12  Marine x2  
  132  9:13  SCV  
  121  9:17  Terran Infantry Armor Level 2  
  121  9:18  SCV x2, Terran Ship Weapons Level 1  
  121  9:19  Marine, Liberator x2  
  121  9:20  Starport  
  121  9:21  Marine  
  121  9:23  Marauder  
  127  9:25  Marauder, SCV, Marine  
  127  9:29  Marine  
  132  9:34  Marine  
  132  9:37  Marine  
  140  9:42  Supply Depot x2  
  140  9:43  Marauder  
  140  9:44  Ghost Academy  
  140  9:45  Marauder, Marine  
  145  9:47  Marauder, Marine  
  148  9:53  Marine  
  149  10:03  Liberator  
  149  10:04  Liberator x3  
  149  10:05  Marauder  
  149  10:06  Marauder  
  141  10:18  Marine x5  
  148  10:25  Marine  
  148  10:27  Marine  
  146  10:28  Command Center  
  146  10:35  Marine  
  146  10:36  Marauder, Marine x3  
  150  10:44  Marauder  
  150  10:45  Marauder  
  150  10:46  Liberator  
  150  10:47  Liberator  
  154  10:53  Sensor Tower, Supply Depot, Marine  
  154  10:55  Barracks  
  155  10:58  Marauder, Barracks  
  155  11:01  Marine  
  155  11:02  Marine  
  162  11:05  Marauder  
  162  11:07  Marauder  
  162  11:09  Marine  
  169  11:11  Marine  
  169  11:18  Supply Depot  
  170  11:19  Marauder, Bunker  
  170  11:21  Viking x2  
  176  11:26  Ghost  
  176  11:31  Ghost  
  180  11:33  Marine  
  180  11:38  SCV x3  
  184  11:40  Ghost  
  186  11:52  Marine  
  187  11:54  Ghost  
  187  11:58  Liberator  
  187  12:00  Ghost  
  191  12:03  Marine x2  
  191  12:04  Marine  
  191  12:07  Marine, Viking  
  193  12:09  Marauder  
  193  12:14  Marine  
  196  12:18  Viking  
  198  12:24  Marauder  
  198  12:25  Planetary Fortress  
  198  12:26  Refinery x2  
  200  12:31  Barracks Tech Lab x2  
  200  12:40  Liberator  
  198  12:45  Marauder  
  198  12:48  Terran Infantry Armor Level 3, Terran Infantry Weapons Level 3  
  198  12:49  SCV  
  200  12:52  Liberator  
  168  13:06  Marauder, Marine  
  168  13:10  Viking x2  
  172  13:16  Marauder x4, Marine x3  
  177  13:23  Marine  
  174  13:27  Marauder  
  176  13:34  Marine  
  176  13:37  Marauder, SCV x2, Command Center  
  176  13:38  Marauder x2  
  176  13:39  Sensor Tower, Ghost  
  176  13:40  Medivac, Viking  
  191  13:43  Medivac  
  193  13:52  Starport  
  193  13:54  Fusion Core  
  193  14:03  Medivac  
  193  14:06  Marine  
  193  14:07  Marauder  
  198  14:10  Medivac  
  198  14:31  Viking  
  198  14:32  Starport Tech Lab  
  198  14:36  Liberator  
  195  14:49  Advanced Ballistics  
  198  15:02  Command Center  
  198  15:03  Command Center  
  198  15:04  Liberator x2, Command Center  
  198  15:09  Liberator x2  
  198  15:21  Liberator  
  193  15:26  Marine  
  193  15:27  Marine x8  
  169  15:44  Marine x5  
  169  15:45  Marauder x2, Marine  
  169  15:48  Marine  
  143  16:02  Marine x5  
  143  16:03  Marauder  
  143  16:06  Marine x2  
  143  16:09  Marine  
Tags
 
Add a new tag
Caveats
  • Supply blocks, unpowered buildings, or Contaminate may cause inaccurate times.
  • Supply counts are checked every 10 seconds.